 Dungeon Crawl Stone Soup version 0.31-a0-848-gaac375c287 (webtiles) character file.

Game seed: 16792675410859571353

7 Kurtz the Sneak (level 1, 0/18 HPs)
             Began as a Mummy Delver on Oct 4, 2023.
             Slain by an orc
             ... wielding a +0 club
              (4 damage)
             ... on level 3 of the Dungeon.
             The game lasted 00:00:25 (342 turns).

Kurtz the Sneak (Mummy Delver)                       Turns: 342, Time: 00:00:26

Health: 0/18       AC:  3    Str: 15    XL:     1   Next: 91%
Magic:  1/1        EV: 11    Int:  9    God:
Gold:   0          SH:  0    Dex: 13    Spells: 0/0 levels left

rFire   x . .        a - +0 hand axe
rCold   + . .        (no shield)
rNeg    + + +        b - +0 leather armour
rPois   ∞            (no helmet)
rElec   .            (no cloak)
rCorr   .            (no gloves)
SInv    .            (no boots)
Will    .....        (no amulet)
Stlth   ++           (no ring)
HPRegen 0.23/turn    (no ring)
MPRegen 0.07/turn

%: faith
@: no status effects
A: cold resistance 1, negative energy resistance 3, torment resistance 2, heat
vulnerability 1, in touch with death 1, no potions, faith
a: no special abilities


You were on level 3 of the Dungeon.
You visited 1 branch of the dungeon, and saw 3 of its levels.

Inventory:

Hand Weapons
 a - a +0 hand axe (weapon)
Armour
 b - a +0 leather armour (worn)
Wands
 f - a wand of digging (3)
Scrolls
 c - a scroll of fog
 d - a scroll of revelation
 e - a scroll of fear
 g - a scroll of enchant weapon {unknown}
 h - a scroll of noise {unknown}


   Skills:
 - Level 3.0 Fighting
 * Level 2.2 Axes
 - Level 1.5 Dodging
 - Level 4.1 Stealth


You couldn't memorise any spells.
You didn't know any spells.
Your spell library contained the following spells:

 Spells                   Type           Power      Damage    Failure   Level
 Dazzling Flash           Conj/Hex       0%         N/A       83%         3
 Agony                    Necr           0%         N/A       100%        5
 Silence                  Hex/Air        0%         N/A       100%        5


Dungeon Overview and Level Annotations

Branches:
Dungeon (5/15)
 Temple: D:4-7

Altars:

Annotations:
D:3 Robin


Innate Abilities, Weirdness & Mutations

You are immune to poison.
Your flesh is cold resistant. (rC+)
You are immune to negative energy. (rN+++)
You are immune to unholy pain and torment.
You are vulnerable to heat. (rF-)
You are in touch with the powers of death.
You do not drink.
You have a special connection with the divine. (Faith)


Message History

You barely miss the goblin. The goblin completely misses you.
The goblin hits you with a +0 club.
You hit the goblin.
You kill the goblin!
You hit the goblin. The goblin hits you with a +0 club.
You see here a +0 dagger.
Robin throws the goblin at you! The goblin closely misses you.
Found an escape hatch in the floor.
The goblin no longer looks unusually strong.
The goblin no longer looks unusually strong.
The goblin hits you with a +0 dagger.
The hobgoblin no longer looks unusually strong.
The goblin attacks as it pursues you! The goblin hits you with a +0 dagger.
Found a scroll labelled ULUCYULUIC.
An orc comes into view. It is wielding a +0 short sword.
The orc shouts!
You hear a shout!
An orc comes into view. It is wielding a +0 club.
The goblin attacks as it pursues you! The goblin hits you but does no damage.
An orc comes into view. It is wielding a +0 falchion.
You see here a scroll labelled ULUCYULUIC.
You hit the orc.
The orc is heavily wounded.
An orc comes into view. It is wielding a +0 hand axe.
The orc hits you but does no damage. The goblin hits you but does no damage.
An orc comes into view. It is wielding a +0 club.
The orc barely misses you.
The orc throws a boomerang.
The boomerang hits you.
The orc moves out of view.
The goblin attacks as it pursues you! The goblin barely misses you.
Found a stone staircase leading down.
The orc attacks as it pursues you! The orc hits you with a +0 short sword.
A goblin comes into view.
It is wielding a +0 dagger and wearing an orb of guile.
The orc attacks as it pursues you! The orc hits you but does no damage.
The orc shouts!
The goblin shouts!
The goblin hits you with a +0 dagger. The orc hits you with a +0 club.
* * * LOW HITPOINT WARNING * * *
The goblin closely misses you. The orc hits you with a +0 club.
You die...

g# #.#
#g#.#.# g.
#.#o#g#
..#
#g#o#.#
..#
#.....#
g..
#>og###
..g #..g#
#.g# #.go#
.#####.o.#
.......@.#
........##
#######.#
#.# #.#
#.# #.#
#.#


You could see 5 orcs, a hobgoblin and 3 goblins.

Vanquished Creatures
  A worm (D:5)
  A giant cockroach (D:4)
  2 goblins (D:3)
  A frilled lizard (D:3)
5 creatures vanquished.

Notes
Turn   | Place    | Note
-------+----------+-------------------------------------------
     0 | D:5      | Kurtz the Mummy Delver began the quest for the Orb.
     0 | D:5      | Reached XP level 1. HP: 18/18 MP: 1/1
   102 | D:5      | Noticed a hound
   301 | D:3      | Noticed Robin
   342 | D:3      | Slain by an orc

Illustrated notes

Levels and vault maps discovered:
D:3:      layout_loops_ring, nicolae_overflow_quartered_altars,
          cheibriados_altar_1, serial_shops, nicolae_shop_mannequins,
          nicolae_elevator_lobby_asterisk, uniq_terence, uniq_robin
D:4:      layout_basic, kennysheep_generic_room_7
D:5:      layout_cave_pools, old_standard_altar, minmay_temple_entry_hall,
          nicolae_the_louvre

Skill      XL: |  1 |
---------------+----+-----
Axes           | 2 |  2.2
Fighting       | |  3.0
Dodging        | |  1.5
Stealth        | |  4.1

Action                     || total
---------------------------++-------
  Melee: Hand axe          ||    23
   Stab: Sleeping          ||     1
 Armour: Leather armour    ||    26
  Dodge: Dodged            ||    11

Table legend: (Time is in decaauts)
 A = Elapsed time spent in this place.
 B = Non-inter-level travel time spent in this place.
 C = Inter-level travel time spent in this place.
 D = Time resting spent in this place.
 E = Time spent auto-exploring this place.
 F = Levels seen in this place.
 G = Mean time per level.
                   A        B        C        D        E       F      G
               +--------+--------+--------+--------+--------+-----+--------+
         Total |    346 |    329 |     17 |    115 |    127 |   3 |  115.3 |
       Dungeon |    346 |    329 |     17 |    115 |    127 |   3 |  115.3 |
               +--------+--------+--------+--------+--------+-----+--------+

Top non-repeatable levels by time:
     D:5: 142 daAuts
     D:3: 139 daAuts
     D:4: 64 daAuts
